Unix NetHack Version 5.0.0-0 post-release - last build Jun 10 2026 00:39:30 (3ee93aec679c4c4259841fe613dc97188e26a321,branch:main).

Game began 2026-06-29 13:34:37, ended 2026-06-29 14:04:20.

Eymerich, chaotic male elven Priest

                       -----      -------
                       ...F@#     |<...(|
                       |..o|f     |.....|             -------
                       |... #     |......            .......|
                       |..  #     |.....|                   |
                       |..  #     |.....+
                       |.   #     -|-----
                       --   #      #
                            #      #
                            #      #
                            #      #
                            #     ##
                            #     #
                            #     #
                            #-----.-------
                            #|...........|
                            %-...........|
                             |....>......|
                             -------------

Eymerich the Acolyte         St:14 Dx:11 Co:10 In:10 Wi:20 Ch:10  Chaotic
Dlvl:4  $:47 HP:0(33) Pw:45(62) AC:8  Xp:4 T:1724  Burdened

Latest messages:
 You begin to memorize the runes.
 You add "force bolt" to your repertoire, as 'c'.
 You fall down the stairs.
 This door is locked.
 Unlock it with your key? [ynq] (q)
 You succeed in unlocking the door.
 The door opens.
 The gecko bites!
 You hit the gecko!
 The gecko bites!
 You kill the gecko!
 You fall down the stairs.
 You climb up the stairs.
 The door resists!
 The door resists!
 The door resists!
 The door opens.
 You hit the elf zombie!
 You destroy the elf zombie!
 You see here an elf corpse.
 In what direction?
 The spell hits the floating eye!
 You kill the floating eye!
 You see here a floating eye corpse.
 There is a floating eye corpse here; eat it? [ynq] (n)
 This floating eye corpse is stringy.
 You finish eating the floating eye corpse.
 You kill the large kobold!
 The lichen touches you!
 The hobgoblin swings his curved sword.
 The hobgoblin hits!
 You cannot escape from the lichen!
 The hobgoblin swings his curved sword.
 The hobgoblin hits!
 You cannot escape from the lichen!
 The hobgoblin swings his curved sword.
 The hobgoblin hits!
 You cannot escape from the lichen!
 The hobgoblin swings his curved sword.
 The hobgoblin misses!
 You cannot escape from the lichen!
 The hobgoblin swings his curved sword.
 The hobgoblin hits!
 You cannot escape from the lichen!
 The hobgoblin swings his curved sword.
 The hobgoblin hits!
 The hobgoblin swings his curved sword.
 The hobgoblin hits!
 You die...
 Do you want your possessions identified? [ynq] (y)

Inventory:
 Coins    ('$')
  $ - 47 gold pieces
 Weapons  (')')
  z - 10 cursed +0 arrows (in quiver)
  J - a +0 dagger
  t - a corroded +0 orcish dagger
  a - a blessed +1 mace (weapon in right hand)
 Armor    ('[')
  u - a +0 orcish helm
  b - a +0 robe (being worn)
 Comestibles  ('%')
  e - a clove of garlic
  m - 2 food rations
  f - 2 sprigs of wolfsbane
  o - a cursed rotten tin of sewer rat meat
  q - 3 lichen corpses
 Scrolls  ('?')
  j - a scroll of identify
  D - a scroll of remove curse
 Spellbooks  ('+')
  w - a spellbook of detect monsters
  p - a blessed spellbook of force bolt
  g - a spellbook of healing
  h - a spellbook of identify
 Potions  ('!')
  k - a potion of confusion
  v - a potion of fruit juice
  F - a blessed potion of monster detection
  E - a potion of restore ability
  n - a potion of sleeping
  d - 4 potions of holy water
 Rings    ('=')
  x - a ring of free action
 Tools    ('(')
  i - a wooden flute
  I - a magic whistle
  H - a skeleton key
  A - a cursed skeleton key
 Gems/Stones  ('*')
  r - a worthless piece of orange glass named soft
  B - 7 rocks

Eymerich the Priest's attributes:

Background:
 You were an Acolyte, a level 4 elven Priest.
 You were chaotic, on a mission for Anshar
 who was opposed by Anu (lawful) and Ishtar (neutral).
 You were right-handed.
 You were in the Dungeons of Doom, on level 4.
 You entered the dungeon 1724 turns ago.
 There was a full moon in effect when your adventure ended.
 You had 114 experience points, 46 more were needed to attain level 5.

Basics:
 You had 0 out of 33 hit points.
 You had 45 out of 62 energy points (spell power).
 Your armor class was 8.
 Your wallet contained 47 zorkmids.
 Autopickup was off.

Final Characteristics:
 Your strength was 14 (limit:18).
 Your dexterity was 11 (limit:18).
 Your constitution was 10 (limit:16).
 Your intelligence was 10 (limit:20).
 Your wisdom was 20 (limit:20).
 Your charisma was 10 (limit:18).

Final Status:
 You were held by a lichen (west).
 You weren't hungry.
 You were burdened; movement was slightly slowed.
 You were wielding a mace.
 You had basic skill with mace.

Final Attributes:
 You were devoutly aligned.
 You were sleep resistant.
 You were telepathic.
 You had infravision.
 You were guarded.
 Your spell casting was enhanced by wearing a robe.
 You were lucky.
 You are dead.

Miscellaneous:
 You didn't encounter any bones levels.
 Total elapsed playing time was 29 minutes and 41 seconds.

Major events:
 Turn
    1: Eymerich the chaotic elven Priest entered the dungeon
  840: attained the rank of Acolyte (level 3)
 1677: entered the Gnomish Mines
 1724: killed by a hobgoblin

Spells:
 Name                 Level Category     Fail Retention
 healing                1   healing        0%  76%-100%
 identify               3   divination    50%  76%-100%
 force bolt             1   attack         0%  76%-100%

Skills:
 Fighting Skills
   bare handed combat [Unskilled]
 Weapon Skills
   club               [Unskilled]
   mace               [Basic]
   morning star       [Unskilled]
   flail              [Unskilled]
   hammer             [Unskilled]
   quarterstaff       [Unskilled]
   polearms           [Unskilled]
   spear              [Unskilled]
   trident            [Unskilled]
   lance              [Unskilled]
   bow                [Unskilled]
   sling              [Unskilled]
   crossbow           [Unskilled]
   dart               [Unskilled]
   shuriken           [Unskilled]
   boomerang          [Unskilled]
   unicorn horn       [Unskilled]
 Spellcasting Skills
   healing spells     [Unskilled]
   divination spells  [Unskilled]
   clerical spells    [Basic]

Voluntary challenges:
 Character rerolling was not enabled.
 You never genocided any monsters.
 You never polymorphed an object.
 You never changed form.
 You used no wishes.
Achievements:
 You attained the rank of Acolyte.
 You entered the Gnomish Mines.

 The Dungeons of Doom: levels 1 to 4
    Level 1:
       A fountain.
    Level 2:
       A fountain.
    Level 3: "locked box"
       A fountain.
    Level 4: <- You were here.
       Stairs down to The Gnomish Mines.
       Final resting place for
          you, killed by a hobgoblin.
 The Gnomish Mines:
    Level 5:


Vanquished creatures:
 an elf zombie
  2 floating eyes
  a giant bat
  a werejackal
  a hobbit
  a large kobold
  2 brown molds
  a yellow mold
  a green mold
  a gnome zombie
  3 geckos
  2 jackals
  2 foxes
  a goblin
  a sewer rat
  3 grid bugs
  8 lichens
  6 newts
38 creatures vanquished.

No species were genocided or became extinct.

Game over:
                       ----------
                      /          \
                     /    REST    \
                    /      IN      \
                   /     PEACE      \
                  /                  \
                  |     Eymerich     |
                  |      47 Au       |
                  |   killed by a    |
                  |    hobgoblin     |
                  |                  |
                  |                  |
                  |       2026       |
                 *|     *  *  *      | *
        _________)/\\_//(\/(/\)/\//\/|_)_______

Goodbye Eymerich the Priest...

You died in The Dungeons of Doom on dungeon level 4 with 699 points,
and 47 pieces of gold, after 1724 moves.
You were level 4 with a maximum of 33 hit points when you died.

